 Dungeon Crawl Stone Soup version 0.17-a0-1545-gc1bb672 (console) character file.

13724 Monkaria the Spear-Bearer (level 11, -3/102 HPs)
             Began as a Minotaur Berserker on July 18, 2015.
             Was a High Priest of Trog.
             Killed from afar by a gargoyle (15 damage)
             ... with a stone arrow
             ... in a volcano.
             The game lasted 00:30:09 (12286 turns).

Monkaria the Spear-Bearer (Minotaur Berserker)     Turns: 12286, Time: 00:30:09

Health: -3/102     AC: 11    Str: 22    XL:     11   Next: 79%
Magic:  13/13      EV: 12    Int:  4    God:    Trog [*****.]
Gold:   1156       SH:  0    Dex: 11    Spells: 0 memorised, 10 levels left

rFire  . . .     SeeInvis .     P - +2 spear (vamp)
rCold  + . .     Clarity  .     S - +3 ring mail
rNeg   . . .     SustAt   .     (no shield)
rPois  .         Gourm    +     (helmet restricted)
rElec  .         Spirit   .     k - +0 cloak
rCorr  .         Warding  .     (no gloves)
rMut   .         Rnd*Tele +     (no boots)
MR     ++...                    s - amulet of the gourmand
Stlth  +.........               J - ring of protection from cold
                                h - -2 ring of evasion (curse)

@: regenerating, hasted, very quick, very resistant to hostile enchantments,
very unstealthy
A: retaliatory headbutt, horns 2, talons 1, teleportitis 1, weak 1, no device
heal 2
a: Burn Spellbooks, Berserk, Trog's Hand, Brothers in Arms, Renounce Religion


You were in a volcano.
You worshipped Trog.
Trog was extremely pleased with you.
You were full.

You visited 3 branches of the dungeon, and saw 12 of its levels.
You also visited: Sewer, Bailey and Volcano.

You collected 1156 gold pieces.

Inventory:

Hand weapons
 P - a +2 vampiric spear (weapon)
 Z - a +0 blowgun
Missiles
 f - 52 poisoned needles
 M - 36 tomahawks of returning (quivered)
Armour
 k - a +0 cloak (worn)
 S - a +3 ring mail (worn)
Jewellery
 h - a cursed -2 ring of evasion (left hand)
 i - an uncursed amulet of guardian spirit
 l - an uncursed ring of positive energy
 s - an amulet of the gourmand (around neck)
 J - a ring of protection from cold (right hand)
 K - an uncursed ring of see invisible
Magical devices
 b - a wand of flame (27)
 o - a wand of heal wounds (0)
 x - a wand of confusion (18)
 D - a wand of paralysis (9)
 H - a wand of lightning (5)
 T - a wand of slowing (35)
Scrolls
 g - a scroll of blinking
 q - 2 scrolls of teleportation
 r - a scroll of magic mapping
 t - a scroll of summoning {unknown}
 w - 4 scrolls of remove curse
 y - a scroll of noise {unknown}
 B - 2 scrolls of fear {unknown}
 F - a scroll of immolation
 G - a scroll of enchant armour {unknown}
 I - a scroll of fog {unknown}
 R - a scroll of random uselessness {unknown}
Potions
 d - 2 potions of ambrosia
 e - 4 potions of haste
 n - 2 potions of invisibility
 p - 5 potions of might
 u - a potion of mutation {unknown}
 z - 4 potions of curing
 C - 2 potions of brilliance {unknown}
 E - 5 potions of flight
 U - a potion of lignification {unknown}
 X - a potion of cure mutation {unknown}
Books
 j - a book of Dreams

   Spells                             Type                      Level
   a - Ensorcelled Hibernation        Hexes/Ice                    2
   b - Phase Shift                    Translocation                5
   c - Shadow Creatures               Summoning                    5
   d - Silence                        Hexes/Air                    5
   e - Mass Confusion                 Hexes                        6
   f - Darkness                       Hexes                        7
   Trog disapproves of the use of such an item.
Comestibles
 c - 5 bread rations


   Skills:
 - Level 11.0 Fighting
 - Level 14.5 Polearms
 + Level 3.8 Throwing
 - Level 8.1 Armour
 - Level 8.1 Dodging
 - Level 5.0 Evocations


You had 10 spell levels left.
You didn't know any spells.

Dungeon Overview and Level Annotations

Branches:
Dungeon (8/15)             Temple (1/1) D:7            Lair (3/8) D:8
  Swamp: Lair:3-6    Shoals: Lair:3-6     Snake: Lair:3-6    Spider: Lair:3-6

Altars:
Ashenzari
Cheibriados
Dithmenos
Elyvilon
Fedhas
Gozag
Kikubaaqudgha
Makhleb
Nemelex Xobeh
Okawaru
Qazlal
Ru
Sif Muna
Trog
Vehumet
Xom
Yredelemnul
Zin
The Shining One


Innate Abilities, Weirdness & Mutations

You reflexively headbutt those who attack you in melee.
You have a pair of horns on your head.
You have sharp toenails.
You are occasionally teleported to nearby monsters.
You are weak. (Str -2)
Potions and wands are poor at restoring your health.


Message History

Press: ? - help, Shift-Dir - straight line, f - you Nothing appears to happen.
The gargoyle barely misses you.
Unknown command.
Evoke which item? (* to show all) (? for menu, Esc to quit)
Zapping:
x - a wand of confusion (will waste charges)
Press: ? - help, Shift-Dir - straight line, f - gargoyle
Aim: a gargoyle, wielding a flail (heavily damaged, chance to defeat MR: 38%)
Okay, then.
Unknown command.
Unknown command.
Drink which item? (? for menu, Esc to quit)
Okay, then.
Drink which item? (? for menu, Esc to quit)
You feel much better. The gargoyle hits you with a flail!!
* * * LOW HITPOINT WARNING * * *
Drink which item? (? for menu, Esc to quit)
You feel yourself speed up.
The gargoyle hurls a stone arrow at you.
The stone arrow hits you!
You die... ≈≈≈≈≈≈≈≈≈≈≈≈≈≈≈≈≈≈.≈≈≈≈§§§§≈≈§§≈≈ §≈≈≈≈≈§≈.§..≈≈..§.≈≈...≈§§≈§§≈§§§ ≈§≈≈≈≈≈..§................§≈§≈≈≈§ ≈≈§≈≈≈≈.#################.≈≈§≈≈≈≈ ≈≈§≈≈≈..# +.....+ #.§≈≈≈≈≈§ §≈≈≈§≈≈.# .8_8. #.§≈≈§≈ ≈≈≈≈≈≈..# E9E

§§≈≈≈§§.###++###9#
≈§≈§§§§.#......#@#
≈≈≈§§§§.######.#.# §§§≈≈§..# #.#
§≈≈≈≈§≈§# #.# ≈§≈≈≈≈..# #.#
§≈≈≈≈≈..# #.#
≈§≈§≈≈≈.########+######
§≈≈§≈§≈....§§§............§§≈≈§≈≈
§≈≈§§≈§§.≈≈§§.§≈≈≈.≈≈.§.§§§§§≈≈§≈


You could see 2 earth elementals, a molten gargoyle and a gargoyle.

Vanquished Creatures
  A hydra (Lair:2)
  The ghost of scienide the Spear-Bearer, an experienced DsAK of Lugonu (D:6)
  4 elephants (Lair:2)
  6 spiny frogs
  4 komodo dragons
  The ghost of tsouns the Cutter, an experienced KoFi (Sewer)
  A fire drake (Lair:2)
  Sigmund (D:3)
  Grum (D:8)
  A wyvern (D:7)
  Menkaure (D:5)
  9 wolves
  6 yaks (Lair:1)
  2 water moccasins
  3 hippogriffs
  6 porcupines
  Duvessa (D:5)
  4 orc warriors (Bailey)
  2 sky beasts
  An ice beast (D:4)
  2 ogres
  2 phantoms (D:4)
  5 big kobolds
  5 crocodiles
  Dowan (D:5)
  5 giant frogs
  A gnoll sergeant (D:6)
  4 wights (D:6)
  3 killer bees (D:7)
  2 crimson imps
  A lava snake (Volcano)
  2 quasits
  2 jellies
  5 orc priests
  A hound (D:8)
  7 worker ants
  Jessica (D:3)
  6 orc wizards
  2 iguanas
  12 sheep (Lair:2)
  A hound zombie (D:8)
  2 worker ant zombies
  10 gnolls
  8 adders
  36 river rats
  4 shadow imps
  3 oozes
  4 worms
  5 giant geckos
  26 orcs
  7 ball pythons (Sewer)
  12 hobgoblins
  8 jackals
  16 bats
  A giant cockroach (D:2)
  A giant gecko skeleton (D:8)
  5 giant newts
  22 goblins
  A jackal zombie (D:8)
  39 kobolds
  3 quokkas
  A quokka zombie (D:7)
  16 rats
356 creatures vanquished.

Vanquished Creatures (others)
  A fungus (Lair:2)
  2 plants (Lair:2)
3 creatures vanquished.

Grand Total: 359 creatures vanquished

Notes
Turn   | Place    | Note
--------------------------------------------------------------
     0 | D:1      | Monkaria the Minotaur Berserker began the quest for the Orb.
     0 | D:1      | Reached XP level 1. HP: 19/19 MP: 0/0
    38 | D:1      | Reached skill level 4 in Fighting
    49 | D:1      | Reached XP level 2. HP: 15/28 MP: 1/1
   353 | D:1      | Reached skill level 5 in Fighting
   413 | D:1      | Acquired Trog's second power
   413 | D:1      | Reached XP level 3. HP: 32/36 MP: 2/2
   884 | D:2      | Found a shattered altar of Ashenzari.
   887 | D:2      | Found a sparkling altar of Nemelex Xobeh.
   889 | D:2      | Found a deep blue altar of Sif Muna.
  1039 | D:2      | Found a stormy altar of Qazlal.
  1572 | D:3      | Reached XP level 4. HP: 22/44 MP: 1/3
  1660 | D:3      | Reached skill level 6 in Fighting
  1669 | D:3      | Noticed Jessica
  1680 | D:3      | Killed Jessica
  1848 | D:3      | Noticed Sigmund
  1865 | D:3      | HP: 2/45 [adder (3)]
  1870 | D:3      | Killed Sigmund
  1870 | D:3      | Reached skill level 8 in Fighting
  1870 | D:3      | Reached XP level 5. HP: 8/53 MP: 0/4
  1870 | D:3      | Reached XP level 6. HP: 9/61 MP: 0/5
  1890 | D:3      | Found a glowing drain.
  1900 | Sewer    | Entered a sewer
  2022 | Sewer    | Noticed tsouns's ghost (experienced KoFi)
  2037 | Sewer    | Killed tsouns's ghost
  2037 | Sewer    | Reached skill level 9 in Fighting
  2037 | Sewer    | Reached XP level 7. HP: 32/70 MP: 2/6
  2300 | Sewer    | Reached skill level 10 in Fighting
  2612 | Sewer    | Reached skill level 11 in Fighting
  3206 | D:4      | Reached skill level 5 in Polearms
  3206 | D:4      | Reached XP level 8. HP: 53/82 MP: 4/7
  3236 | D:4      | Acquired Trog's third power
  3618 | D:4      | Found a snail-covered altar of Cheibriados.
  4057 | D:5      | Entered Level 5 of the Dungeon
  4323 | D:5      | Gained mutation: Potions and wands are less effective at restoring your health. [mutagenic meat]
  4324 | D:5      | Gained mutation: You have sharp toenails. [mutagenic meat]
  4485 | D:5      | Found a glowing golden altar of the Shining One.
  4543 | D:5      | Noticed Duvessa
  4544 | D:5      | Noticed Dowan
  4562 | D:5      | Killed Duvessa
  4566 | D:5      | Killed Dowan
  4669 | D:5      | Noticed Menkaure
  4680 | D:5      | Killed Menkaure
  4680 | D:5      | Reached skill level 10 in Polearms
  4680 | D:5      | Reached XP level 9. HP: 47/89 MP: 2/8
  4719 | D:5      | Found a glowing silver altar of Zin.
  4719 | D:5      | Found a burning altar of Makhleb.
  4720 | D:5      | Noticed a cacodemon
  4720 | D:5      | Noticed an angel
  5105 | D:6      | You fall through a shaft for 2 floors!
  5162 | D:8      | Noticed Grum
  5183 | D:8      | Killed Grum
  5273 | D:8      | Found a flagged portal.
  5382 | Bailey   | Entered a bailey
  5487 | Bailey   | Reached skill level 12 in Polearms
  5663 | Bailey   | Got a shimmering scimitar
  5984 | D:8      | Reached skill level 5 in Armour
  6204 | D:8      | Found a staircase to the Lair.
  6537 | D:7      | Found a staircase to the Ecumenical Temple.
  6562 | Temple   | Entered the Ecumenical Temple
  7061 | D:7      | Reached XP level 10. HP: 95/95 MP: 9/9
  7449 | D:7      | Identified the +4 scimitar of Superiority {elec, Str+3} (You took it off a hobgoblin in a bailey)
  7590 | D:7      | Got a shimmering longbow
  7712 | D:6      | Noticed scienide's ghost (experienced DsAK)
  7743 | D:6      | Killed scienide's ghost
  8356 | D:6      | Found a bloodstained altar of Trog.
  8369 | D:6      | Received a gift from Trog
  8458 | D:6      | Reached skill level 5 in Dodging
  8676 | Lair:1   | Entered Level 1 of the Lair of Beasts
  9049 | Lair:2   | Noticed an elephant
  9049 | Lair:2   | Noticed an elephant
  9049 | Lair:2   | Noticed an elephant
  9049 | Lair:2   | Noticed an elephant
  9251 | Lair:1   | Reached skill level 1 in Evocations
  9347 | Lair:1   | Reached XP level 11. HP: 102/102 MP: 12/12
  9543 | Lair:1   | Reached skill level 5 in Evocations
 10413 | Lair:2   | Killed an elephant
 10429 | Lair:2   | Killed an elephant
 10445 | Lair:2   | Killed an elephant
 10445 | Lair:2   | Reached skill level 13 in Polearms
 10467 | Lair:2   | Killed an elephant
 10669 | Lair:2   | Received a gift from Trog
 11013 | Lair:2   | Reached skill level 14 in Polearms
 11066 | Lair:2   | Gained mutation: Potions and wands are poor at restoring your health. [mutagenic glow]
 11121 | Lair:2   | Gained mutation: You are weak. (Str -2) [mutagenic glow]
 11147 | Lair:2   | Gained mutation: You are occasionally teleported to nearby monsters. [mutagenic glow]
 11509 | Lair:2   | Noticed a seven-headed hydra
 11527 | Lair:2   | Killed a seven-headed hydra
 12003 | Lair:3   | Found a dark tunnel.
 12008 | Volcano  | Entered a volcano
 12277 | Volcano  | Found a bloodstained altar of Trog.
 12286 | Volcano  | Killed from afar by a gargoyle

Vault maps used:
D:1:      erik_arrival_gehennom, minmay_close_crescents
D:2:      nicolae_qazlal_general_emergency, nicolae_overflow_hidden_temple,
          first_bread, grunt_ministairs_8, st_stairs_4
D:3:      portal_sewer_entry_d, uniq_sigmund, uniq_jessica
D:4:      lemuel_crystal_altar
D:5:      grunt_temple_overflow_order_and_chaos_2, hex_medium, minivault_1,
          tso_metal_star, uniq_menkaure, uniq_duvessa
D:6:      trog_hazing_becter
D:7:      minmay_temple_entry_mist
D:8:      lair_0_dummy, enter_bailey_3, uniq_grum
Temple:   eino_temple_water_12
Lair:3:   enter_volcano_4
Sewer:    sewer_co_tree
Bailey:   bailey_axe_4, bailey
Volcano:  volcano_lake

Action                   |  1- 3 |  4- 6 |  7- 9 | 10-12 || total
-------------------------+-------+-------+-------+-------++-------
Melee: Spear             |   107 |    54 |   664 |   723 ||  1548
 Fire: Blowgun           |       |       |    22 |       ||    22
Throw: Tomahawk          |       |       |       |     4 ||     4
Invok: Berserk           |       |     2 |     6 |     3 ||    11
       Trog's Hand       |       |     2 |     7 |     3 ||    12
Evoke: Wand              |       |       |       |     2 ||     2
  Use: Scroll            |       |     6 |     3 |     3 ||    12
       Potion            |       |     4 |     1 |     2 ||     7
 Stab: Sleeping          |     1 |       |     1 |       ||     2
  Eat: Chunk             |     2 |     3 |    24 |    26 ||    55
       Royal jelly       |       |       |     1 |     1 ||     2
       Fruit             |       |       |     1 |     1 ||     2
       Meat ration       |       |       |       |     1 ||     1
       Bread ration      |       |       |       |     1 ||     1
       Beef jerky        |       |       |       |     1 ||     1
